PIO (24 & UNDER)
SALEM SLEDGEHAMMERS @ CHULA VISTA TACOS
09/24/2026
 
TOP OF THE 1ST
Salem Sledgehammers batting - Pitching for Chula Vista Tacos : RHP Jesús De Los Santos
Pitching: RHP Jesús De Los Santos
Batting: RHB Luis Bustamante 0-0: Ball
1-0: Called Strike
1-1: SINGLE (Groundball, 6MD)
Batting: LHB José Rivera 0-0: Called Strike
0-1: Foul Ball, location: 2F
0-2: Strikes out swinging
Batting: LHB Nathan Frey 0-0: Ball
1-0: Ball
2-0: Ball
3-0: Called Strike
3-1: Foul Ball, location: 2F
3-2: Base on Balls
Luis Bustamante to second
Batting: SHB Enrique Uribe 0-0: Ball
1-0: Swinging Strike
1-1: Foul Ball, location: 2F
1-2: Ball
2-2: Foul Ball, location: 2F
2-2: Ball
3-2: Strikes out swinging
Batting: RHB Bobby Miller 0-0: Foul Ball, location: 2F
0-1: Swinging Strike
0-2: Strikes out swinging
Top of the 1st over - 0 run(s), 1 hit(s), 0 error(s), 2 left on base; Salem 0 - Chula Vista 0
BOTTOM OF THE 1ST
Chula Vista Tacos batting - Pitching for Salem Sledgehammers : RHP Carlos Morán
Pitching: RHP Carlos Morán
Batting: LHB Joe Baker 0-0: Foul Ball, location: 2F
0-1: Ball
1-1: Ground out 5-3 (Groundball, 5S)
Batting: RHB Nate Atkinson 0-0: Called Strike
0-1: Called Strike
0-2: Ball
1-2: Ground out 4-3 (Groundball, 4)
Batting: RHB Johnny Williams 0-0: Ball
1-0: Ball
2-0: Foul Ball, location: 2F
2-1: Ground out 5-3 (Groundball, 5L)
Bottom of the 1st over - 0 run(s), 0 hit(s), 0 error(s), 0 left on base; Salem 0 - Chula Vista 0
TOP OF THE 2ND
Salem Sledgehammers batting - Pitching for Chula Vista Tacos : RHP Jesús De Los Santos
Batting: SHB Júlio Salazar 0-0: Ball
1-0: Called Strike
1-1: Bunted foul
1-2: Ball
2-2: Strikes out swinging
Batting: RHB Patrick Daniels 0-0: Called Strike
0-1: Ball
1-1: Foul Ball, location: 2F
1-2: Strikes out looking
Batting: LHB Caleb Hall 0-0: Called Strike
0-1: Swinging Strike
0-2: Foul Ball, location: 2F
0-2: Strikes out swinging
Top of the 2nd over - 0 run(s), 0 hit(s), 0 error(s), 0 left on base; Salem 0 - Chula Vista 0
BOTTOM OF THE 2ND
Chula Vista Tacos batting - Pitching for Salem Sledgehammers : RHP Carlos Morán
Batting: LHB Steven Smith 0-0: Ball
1-0: Called Strike
1-1: Ball
2-1: Ball
3-1: Fly out, F8 (Flyball, 8LXD)
Batting: SHB Walt Rodgers 0-0: Ball
1-0: Fly out, F2 (Popup, 2RF)
Batting: RHB Manny Torrez 0-0: Swinging Strike
0-1: Foul Ball, location: 2F
0-2: Strikes out swinging
Bottom of the 2nd over - 0 run(s), 0 hit(s), 0 error(s), 0 left on base; Salem 0 - Chula Vista 0
TOP OF THE 3RD
Salem Sledgehammers batting - Pitching for Chula Vista Tacos : RHP Jesús De Los Santos
Batting: RHB Lakota O'Reilly 0-0: Swinging Strike
0-1: Ball
1-1: Foul Ball, location: 2F
1-2: Strikes out looking
Batting: RHB Luis Bustamante 0-0: Ball
1-0: Ball
2-0: Called Strike
2-1: Ground out 5-3 (Groundball, 56)
Batting: LHB José Rivera 0-0: Ball
1-0: Swinging Strike
1-1: Ground out 1-3 (Groundball, 13S)
Top of the 3rd over - 0 run(s), 0 hit(s), 0 error(s), 0 left on base; Salem 0 - Chula Vista 0
BOTTOM OF THE 3RD
Chula Vista Tacos batting - Pitching for Salem Sledgehammers : RHP Carlos Morán
Batting: RHB Ray Rogers 0-0: Called Strike
0-1: Foul Ball, location: 2F
0-2: Ball
1-2: Foul Ball, location: 2F
1-2: Strikes out swinging
Batting: LHB Michael Myers 0-0: Called Strike
0-1: SINGLE (Line Drive, 78S)
Batting: LHB Gonzalo Benítez 0-0: Ball
Michael Myers steals 2nd base
1-0: Called Strike
1-1: Swinging Strike
1-2: Ball
2-2: Strikes out swinging
Batting: LHB Joe Baker 0-0: Called Strike
0-1: DOUBLE (Line Drive, 3L)
Michael Myers scores
Batting: RHB Nate Atkinson 0-0: Called Strike
0-1: Swinging Strike
0-2: Ball
1-2: Strikes out swinging
Bottom of the 3rd over - 1 run(s), 2 hit(s), 0 error(s), 1 left on base; Salem 0 - Chula Vista 1
TOP OF THE 4TH
Salem Sledgehammers batting - Pitching for Chula Vista Tacos : RHP Jesús De Los Santos
Batting: LHB Nathan Frey 0-0: Ball
1-0: Ground out 6-3 (Groundball, 6)
Batting: SHB Enrique Uribe 0-0: Ball
1-0: Swinging Strike
1-1: SINGLE (Line Drive, 4M)
Batting: RHB Bobby Miller 0-0: Called Strike
0-1: Swinging Strike
0-2: Strikes out swinging
Batting: SHB Júlio Salazar 0-0: Ball
1-0: Swinging Strike
1-1: Called Strike
1-2: Strikes out swinging
Top of the 4th over - 0 run(s), 1 hit(s), 0 error(s), 1 left on base; Salem 0 - Chula Vista 1
BOTTOM OF THE 4TH
Chula Vista Tacos batting - Pitching for Salem Sledgehammers : RHP Carlos Morán
Batting: RHB Johnny Williams 0-0: Ball
1-0: Ball
2-0: Foul Ball, location: 2F
2-1: Ball
3-1: Called Strike
3-2: Ground out 6-3 (Groundball, 6)
Batting: LHB Steven Smith 0-0: Foul Ball, location: 2F
0-1: Foul Ball, location: 2F
0-2: Ball
1-2: Strikes out looking
Batting: SHB Walt Rodgers 0-0: Ball
1-0: Ball
2-0: Called Strike
2-1: Called Strike
2-2: Strikes out swinging
Bottom of the 4th over - 0 run(s), 0 hit(s), 0 error(s), 0 left on base; Salem 0 - Chula Vista 1
TOP OF THE 5TH
Salem Sledgehammers batting - Pitching for Chula Vista Tacos : RHP Jesús De Los Santos
Batting: RHB Patrick Daniels 0-0: Called Strike
0-1: Ground out 5-3 (Groundball, 5L)
Batting: LHB Caleb Hall 0-0: Called Strike
0-1: Ball
1-1: Foul Ball, location: 2F
1-2: Ball
2-2: Ball
3-2: Strikes out swinging
Batting: RHB Lakota O'Reilly 0-0: Fly out, F8 (Flyball, 8RXD)
Top of the 5th over - 0 run(s), 0 hit(s), 0 error(s), 0 left on base; Salem 0 - Chula Vista 1
BOTTOM OF THE 5TH
Chula Vista Tacos batting - Pitching for Salem Sledgehammers : RHP Carlos Morán
Batting: RHB Manny Torrez 0-0: Ball
1-0: Ball
2-0: Ball
3-0: Called Strike
3-1: SINGLE (Line Drive, 4M)
Batting: RHB Ray Rogers 0-0: Called Strike
0-1: Ball
1-1: Ball
2-1: Ball
3-1: Grounds into double play, 4-6-3 (Groundball, 34)
Batting: LHB Michael Myers 0-0: Called Strike
0-1: Foul Ball, location: 2F
0-2: Ball
1-2: Foul Ball, location: 2F
1-2: Ball
2-2: Strikes out swinging
Bottom of the 5th over - 0 run(s), 1 hit(s), 0 error(s), 0 left on base; Salem 0 - Chula Vista 1
TOP OF THE 6TH
Salem Sledgehammers batting - Pitching for Chula Vista Tacos : RHP Jesús De Los Santos
Batting: RHB Luis Bustamante 0-0: Ball
1-0: Ball
2-0: Foul Ball, location: 2F
2-1: Called Strike
2-2: Strikes out swinging
Batting: LHB José Rivera 0-0: Ball
1-0: Ball
2-0: Ball
3-0: Base on Balls
Batting: LHB Nathan Frey 0-0: Ball
Reached via error on a dropped throw, E1
José Rivera to second
Batting: SHB Enrique Uribe 0-0: Ball
1-0: Ball
2-0: Ground out 2-3 (Groundball, 13S)
José Rivera to third
Nathan Frey to second
Batting: RHB Bobby Miller 0-0: Ball
1-0: Ball
2-0: Called Strike
2-1: Ball
3-1: Base on Balls
Pitching: RHP Alberto Reyes
Batting: SHB Júlio Salazar 0-0: Called Strike
0-1: Ball
1-1: Foul Ball, location: 2F
1-2: Strikes out looking
Top of the 6th over - 0 run(s), 0 hit(s), 1 error(s), 3 left on base; Salem 0 - Chula Vista 1
BOTTOM OF THE 6TH
Chula Vista Tacos batting - Pitching for Salem Sledgehammers : RHP Carlos Morán
Batting: LHB Gonzalo Benítez 0-0: Called Strike
0-1: Ball
1-1: Foul Ball, location: 2F
1-2: Strikes out swinging
Batting: LHB Joe Baker 0-0: Foul Ball, location: 2F
0-1: Ball
1-1: Swinging Strike
1-2: Foul Ball, location: 2F
1-2: Strikes out looking
Batting: RHB Nate Atkinson 0-0: Swinging Strike
0-1: Called Strike
0-2: Foul Ball, location: 2F
0-2: Ball
1-2: Ground out 1-3 (Groundball, 23)
Bottom of the 6th over - 0 run(s), 0 hit(s), 0 error(s), 0 left on base; Salem 0 - Chula Vista 1
TOP OF THE 7TH
Salem Sledgehammers batting - Pitching for Chula Vista Tacos : RHP Alberto Reyes
Batting: RHB Patrick Daniels 0-0: Reached on error, E5 (Groundball, 56)
Batting: LHB Caleb Hall 0-0: Grounds into double play, 3-6-4 (Groundball, 34)
Batting: RHB Lakota O'Reilly 0-0: Foul Ball, location: 2F
0-1: SINGLE (Groundball, 4MD) (infield hit)
Batting: RHB Luis Bustamante 0-0: Ball
1-0: Called Strike
Lakota O'Reilly steals 2nd base
1-1: Called Strike
1-2: Ball
2-2: Strikes out swinging
Top of the 7th over - 0 run(s), 1 hit(s), 1 error(s), 1 left on base; Salem 0 - Chula Vista 1
BOTTOM OF THE 7TH
Chula Vista Tacos batting - Pitching for Salem Sledgehammers : RHP Carlos Morán
Batting: RHB Johnny Williams 0-0: Ball
1-0: Foul Ball, location: 2F
1-1: Called Strike
1-2: Strikes out swinging
Pitching: LHP Pepe Gómez
Batting: LHB Steven Smith 0-0: Called Strike
0-1: Ball
1-1: Ball
2-1: Fly out, F2 (Popup, 25F)
Pitching: LHP Sean Yarbrough
Batting: SHB Walt Rodgers 0-0: Foul Ball, location: 2F
0-1: SINGLE (Groundball, 5D)
Batting: RHB Manny Torrez 0-0: Foul Ball, location: 2F
0-1: Fly out, F9 (Flyball, 9LM)
Bottom of the 7th over - 0 run(s), 1 hit(s), 0 error(s), 1 left on base; Salem 0 - Chula Vista 1
TOP OF THE 8TH
Salem Sledgehammers batting - Pitching for Chula Vista Tacos : RHP Alberto Reyes
Pitching: LHP Brock Saunders
Now in LF: Guillermo Deleón
Batting: LHB José Rivera 0-0: Foul Ball, location: 2F
0-1: SINGLE (Line Drive, 89M)
Batting: LHB Nathan Frey 0-0: Called Strike
0-1: Ball
1-1: Ball
José Rivera steals 2nd base
2-1: Ball
3-1: Called Strike
3-2: Base on Balls
Pitching: RHP Rick Hernández
Batting: SHB Enrique Uribe 0-0: Swinging Strike
0-1: Ball
1-1: Foul Ball, location: 2F
1-2: Ball
2-2: Foul Ball, location: 2F
2-2: Fly out, F8 (Line Drive, 8RM)
Batting: RHB Bobby Miller 0-0: Called Strike
José Rivera steals 3rd base
Nathan Frey to second
0-1: Swinging Strike
0-2: Strikes out swinging
Batting: SHB Júlio Salazar 0-0: Called Strike
0-1: Swinging Strike
0-2: Strikes out swinging
Top of the 8th over - 0 run(s), 1 hit(s), 0 error(s), 2 left on base; Salem 0 - Chula Vista 1
BOTTOM OF THE 8TH
Chula Vista Tacos batting - Pitching for Salem Sledgehammers : LHP Sean Yarbrough
Batting: RHB Ray Rogers 0-0: Foul Ball, location: 2F
0-1: Foul Ball, location: 2F
0-2: Ball
1-2: Ball
2-2: Ball
3-2: DOUBLE (Line Drive, 3D)
Pinch Hitting: RHB Joel Carlson 0-0: Intentional Walk
Pinch Hitting: RHB Dave King 0-0: Ball
1-0: Ball
2-0: Ball
3-0: Base on Balls
Ray Rogers to third
Joel Carlson to second
Pinch Hitting: RHB John Martin 0-0: Ball
1-0: Ball
2-0: Ball
3-0: Base on Balls
Ray Rogers scores
Joel Carlson to third
Dave King to second
Batting: RHB Nate Atkinson 0-0: Ball
1-0: Called Strike
1-1: Called Strike
1-2: Strikes out swinging
Pinch Hitting: RHB Ron Garrett 0-0: Ball
1-0: Called Strike
1-1: Ball
2-1: Foul Ball, location: 2F
2-2: Foul Ball, location: 2F
2-2: Foul Ball, location: 2F
2-2: Strikes out swinging
Pinch Hitting: RHB Gerald Davis 0-0: Called Strike
0-1: Ball
1-1: Ground out 5-3 (Groundball, 15S)
Bottom of the 8th over - 1 run(s), 1 hit(s), 0 error(s), 3 left on base; Salem 0 - Chula Vista 2
TOP OF THE 9TH
Salem Sledgehammers batting - Pitching for Chula Vista Tacos : RHP Rick Hernández
Pitching: LHP Rafael Alemán
Now at 1B: Ron Garrett
Now at 2B: Gerald Davis
Now at SS: Joel Carlson
Now in LF: Juan Morales
Now in RF: Michael Aisher
Batting: RHB Patrick Daniels 0-0: Called Strike
0-1: Fly out, F4 (Line Drive, 4)
Batting: LHB Caleb Hall 0-0: Called Strike
0-1: Ball
1-1: Ball
2-1: Called Strike
2-2: SINGLE (Line Drive, 34)
Batting: RHB Lakota O'Reilly 0-0: Ball
1-0: Called Strike
1-1: Swinging Strike
1-2: Ball
2-2: Foul Ball, location: 2F
2-2: Strikes out swinging
Pinch Hitting: RHB Gilberto Silva 0-0: Ball
1-0: Ball
2-0: Foul Ball, location: 2F
2-1: Foul Ball, location: 2F
2-2: Strikes out swinging
Top of the 9th over - 0 run(s), 1 hit(s), 0 error(s), 1 left on base; Salem 0 - Chula Vista 2
Monday, December 5th, 2016 - OOTP Baseball 17.12 Build 75